 Dungeon Crawl Stone Soup version 0.29-a0-319-gad05b8d819 (webtiles) character file.

Game seed: 7581181225314380855

431 Morbidden the Charlatan (level 6, -7/63 (69) HPs)
             Began as a Demonspawn Artificer on Apr 2, 2022.
             Mangled by an unseen horror (8 damage)
             ... on level 5 of the Dungeon.
             The game lasted 00:12:36 (5786 turns).

Morbidden the Charlatan (Demonspawn Artificer)      Turns: 5786, Time: 00:12:36

HP:   -7/63 (69)    AC: 23    Str: 13 (14) XL:     6   Next: 67%
MP:   0/8           EV:  2    Int: 11 (14) God:
Gold: 146           SH:  0    Dex: 13 (14) Spells: 7/7 levels left

rFire   . . .      SeeInvis .   j - +0 short sword
rCold   . . .      Faith    .   (no shield)
rNeg    . . .      Spirit   +   (body armour currently unavailable)
rPois   +          Reflect  .   (helmet currently unavailable)
rElec   .          Harm     .   (cloak currently unavailable)
rCorr   +          Rampage  .   (gloves currently unavailable)
Will    .....      NoTele   +   (boots currently unavailable)
Stlth   ++........              m - amulet of guardian spirit
HPRegen 0.20/turn               f - ring of resist corrosion
MPRegen 0.11/turn               (no ring)

@: mighty, brilliant, tree-form, drained, invisible
A: stationary, stasis, torment immunity, boosted hp, powered by death 3, strong
1, wild magic 1
a: no special abilities


You were on level 5 of the Dungeon.
You were a tree.
You visited 1 branch of the dungeon, and saw 5 of its levels.

You collected 2008 gold pieces.
You spent 1862 gold pieces at shops.

Inventory:

Hand Weapons
 j - a +0 short sword (weapon)
Armour
 d - the +3 Mad Mage's Maulers (melded) {Infuse+∞ RegenMP Int-3}
   (You bought it in a shop on level 4 of the Dungeon)

   It empowers its wearer's blows with all of their magic.
   It causes its wearer's magical reserves to regenerate more quickly.
   Int:       It affects your intelligence (-3).
 r - a scarf of invisibility (melded)
 u - a +0 helmet (melded)
 y - a +2 robe of resistance (melded)
Jewellery
 f - a ring of resist corrosion (left branch)
 m - an amulet of guardian spirit (around neck)
Wands
 c - a wand of flame (8) (quivered)
 e - a wand of iceblast (13)
 w - a wand of digging (4)
Scrolls
 a - a scroll of blinking
 g - a scroll of identify
 h - a scroll of magic mapping
 i - a scroll of noise
 k - a scroll of enchant weapon
 l - a scroll of teleportation
 s - a scroll of amnesia
Potions
 p - a potion of mutation
 q - 3 potions of lignification
 z - 2 potions of resistance


   Skills:
 * Level 2.5 Fighting
 * Level 2.7 Short Blades
 + Level 2.9 Armour
 * Level 2.6 Dodging
 + Level 1.1 Stealth
 + Level 0.8 Unarmed Combat
 * Level 1.4 Spellcasting
 * Level 4.1 Evocations


You had 7 spell levels left.
You didn't know any spells.
Your spell library contained the following spells:

 Spells                   Type           Power      Damage    Failure   Level
 Pain                     Necr           4%         1d4       38%         1
 Ensorcelled Hibernation  Hex/Ice        2%         N/A       52%         2
 Spider Form              Tmut/Pois      1%         N/A       75%         3
 Airstrike                Air            0%         N/A       98%         4
 Anguish                  Hex/Necr       0%         N/A       98%         4
 Summon Lightning Spire   Summ/Air       1%         N/A       98%         4
 Agony                    Necr           1%         N/A       100%        5
 Excruciating Wounds      Necr           0%         N/A       100%        5
 Lightning Bolt           Conj/Air       0%         1d11      100%        5


Dungeon Overview and Level Annotations

Branches:
Dungeon (5/15)
 Temple: D:4-7

Altars:
Makhleb

Shops:
D:3 :   D:4 [([


Innate Abilities, Weirdness & Mutations

You are a tree.
Your roots penetrate the ground, keeping you stationary.
You cannot be teleported.
You are immune to unholy pain and torment.
Your maximum health is greatly increased.
Your equipment is partially melded.
You regenerate a lot of health from kills.
Your muscles are strong. (Str +2)
Your spells are a little harder to cast, but a little more powerful.


Message History

Something hits you but does no damage. x2
Unknown command.
You cannot move.
Unknown command.
You cannot move.
You closely miss something. Something hits you but does no damage.
You hit something but do no damage. Something hits you.
* * * LOW HITPOINT WARNING * * *
Something hits you but does no damage.
You completely miss something. Something hits you.
* * * LOW HITPOINT WARNING * * *
Something hits you but does no damage.
You hit something but do no damage. Something hits you but does no damage.
Unknown command.
You swing at nothing.
Something hits you but does no damage.
Unknown command.
You feel very mighty all of a sudden. Something hits you.
* * * LOW HITPOINT WARNING * * *
Unknown command.
Unknown command.
You swing at nothing.
Something hits you but does no damage.
You hit something. Something hits you but does no damage.
You swing at nothing.
Something hits you but does no damage.
You hit something. Something hits you but does no damage.
You swing at nothing.
You hit something. Something hits you.
* * * LOW HITPOINT WARNING * * *
Something hits you.
* * * LOW HITPOINT WARNING * * *
Unknown command.
Okay, then.
Okay, then.
Okay, then.
Okay, then.
Okay, then.
Aiming: Throw Flame
Press: ? - help, Shift-Dir - straight line The puff of flame hits something.
Something hits you!
You die...

############ ####### #...........
## ###.....######## #.#########.
. .......##..♣{.###.# #.
#######........###..##.# #.
#.#.#.#.#.#.#.#.#.#.##.# #.
)...<...............##.###### #.
#.#.#.#.#.#.#.#{#.####......####.
.................................
#.#.#.#.#.#.#.#.#.#.....###......
.....####.#.##........l..........
####.# #...##...####............


There were no monsters in sight!

Vanquished Creatures
  A necrophage (D:4)
  A scorpion (D:5)
  2 iguanas (D:4)
  Natasha (thrice) (D:4)
  7 adders
  2 ufetubi
  A worm (D:2)
  2 dart slugs
  An orc (D:4)
  5 bats
  6 endoplasms
  2 giant cockroaches
  13 goblins
  10 hobgoblins
  6 jackals
  2 quokkas (D:2)
  6 ball pythons
  A frilled lizard (D:1)
  7 kobolds
  4 rats
82 creatures vanquished.

Vanquished Creatures (collateral kills)
  Ijyb (D:4)
  An orc (D:5)
  A jackal (D:1)
  A kobold (D:4)
  A rat (D:1)
5 creatures vanquished.

Vanquished Creatures (others)
  A giant cockroach (D:4)
  A kobold (D:4)
2 creatures vanquished.

Grand Total: 89 creatures vanquished

Notes
Turn   | Place    | Note
-------+----------+-------------------------------------------
     0 | D:1      | Morbidden the Demonspawn Artificer began the quest for the
                  | Orb.
     0 | D:1      | Reached XP level 1. HP: 15/15 MP: 1/1
   550 | D:1      | Gained mutation: You regenerate a little health from kills.
                  | [demonic ancestry]
   550 | D:1      | Reached XP level 2. HP: 21/21 MP: 2/2
   774 | D:1      | Found a faded altar of an unknown god.
   813 | D:1      | Reached skill level 1 in Dodging
  1690 | D:2      | Gained mutation: You regenerate health from kills. [demonic
                  | ancestry]
  1690 | D:2      | Reached XP level 3. HP: 23/26 MP: 3/3
  2162 | D:2      | Reached XP level 4. HP: 14/32 MP: 1/4
  2909 | D:3      | Found Juag's Book Shoppe.
  3040 | D:3      | Reached skill level 1 in Short Blades
  3699 | D:4      | Found Ysugan's Weapon Emporium.
  3876 | D:4      | Noticed a necrophage
  3904 | D:4      | Noticed Ijyb
  3916 | D:4      | Your ally Ijyb died
  3928 | D:4      | Killed a necrophage
  3929 | D:4      | Reached skill level 1 in Stealth
  3929 | D:4      | Reached XP level 5. HP: 22/38 MP: 4/6
  4081 | D:4      | Found Mojur's Armour Shop.
  4309 | D:4      | Found Jeypp's Antique Armour Emporium.
  4361 | D:4      | Noticed Natasha
  4379 | D:4      | Killed Natasha
  4380 | D:4      | Reached skill level 4 in Evocations
  4492 | D:4      | Noticed Natasha
  4501 | D:4      | Killed Natasha
  4502 | D:4      | Reached skill level 1 in Spellcasting
  4502 | D:4      | Gained mutation: You regenerate a lot of health from kills.
                  | [demonic ancestry]
  4502 | D:4      | Reached XP level 6. HP: 34/44 MP: 4/7
  4561 | D:4      | Noticed Natasha
  4571 | D:4      | Killed Natasha
  5035 | D:5      | Entered Level 5 of the Dungeon
  5070 | D:5      | Noticed a sky beast
  5276 | D:5      | Identified 2 scrolls of acquirement
  5276 | D:5      | Acquired 893 gold pieces
  5285 | D:5      | Found a burning altar of Makhleb.
  5367 | D:4      | Bought the +3 Mad Mage's Maulers {Infuse+∞ RegenMP Int-3}
                  | for 1000 gold pieces
  5367 | D:4      | Found the +3 Mad Mage's Maulers {Infuse+∞ RegenMP Int-3}
  5390 | D:4      | Acquired 874 gold pieces
  5608 | D:3      | Bought a book of Storms for 448 gold pieces
  5669 | D:4      | Bought a +2 robe of resistance for 414 gold pieces
  5765 | D:5      | Gained mutation: Your spells are a little harder to cast,
                  | but a little more powerful. [potion of mutation]
  5765 | D:5      | Gained mutation: Your muscles are strong. (Str +2) [potion
                  | of mutation]
  5785 | D:5      | HP: 3/63 [something (3)]
  5785 | D:5      | HP: 1/63 [something (2)]
  5786 | D:5      | Mangled by an unseen horror

Illustrated notes

Levels and vault maps discovered:
D:1:      minmay_arrival_four_circles, layout_basic,
          shapermc_ecumenical_altar_ellora, grunt_decor_cap
D:2:      minmay_recursive_quarters, layout_loops_ring, grunt_decor_one_mirror
D:3:      cheibrodos_greedy_goblins, layout_loops_cross, serial_shops,
          nicolae_shop_hallway_plus
D:4:      layout_basic, serial_shops, nicolae_shop_bloodbath_and_beyond,
          nicolae_shop_stone, nicolae_shop_crystal, grunt_ministairs_7,
          uniq_ijyb, uniq_natasha
D:5:      layout_loops_ring, serial_shops, nicolae_shop_crystal,
          hangedman_feature_mirror, kennysheep_cross_room,
          hangedman_feature_mirror, st_stairs_13, minmay_door_square,
          lightli_corner_chamber

Skill      XL: |  1  2  3  4  5 |
---------------+----------------+-----
Armour         | 2 |  2.9
Dodging        | 1 2 |  2.6
Short Blades   | 2 |  2.7
Fighting       | 2 |  2.5
Stealth        | 1 |  1.1
Evocations     | 4 |  4.1
Spellcasting   | 1 |  1.4
Unarmed Combat | |  0.8

Action                   |  1- 3 |  4- 6 || total
-------------------------+-------+-------++-------
Melee: Club              |    26 |       ||    26
       Short sword       |   112 |   255 ||   367
       Punch             |     1 |     5 ||     6
Evoke: Wand              |     7 |    19 ||    26
  Use: Scroll            |       |    12 ||    12
       Potion            |       |     8 ||     8
 Stab: Sleeping          |     2 |     1 ||     3
Armor: Leather armour    |    42 |    59 ||   101
       Skin              |       |    29 ||    29
       Robe              |       |    10 ||    10
Dodge: Dodged            |   103 |   177 ||   280

Table legend: (Time is in decaauts)
 A = Elapsed time spent in this place.
 B = Non-inter-level travel time spent in this place.
 C = Inter-level travel time spent in this place.
 D = Time resting spent in this place.
 E = Time spent auto-exploring this place.
 F = Levels seen in this place.
 G = Mean time per level.
                   A        B        C        D        E       F      G
               +--------+--------+--------+--------+--------+-----+--------+
         Total |   5822 |   5606 |    216 |    929 |   3565 |   5 | 1164.4 |
       Dungeon |   5822 |   5606 |    216 |    929 |   3565 |   5 | 1164.4 |
               +--------+--------+--------+--------+--------+-----+--------+

Top non-repeatable levels by time:
     D:4: 1913 daAuts
     D:1: 1680 daAuts
     D:2: 987 daAuts
     D:3: 860 daAuts
     D:5: 380 daAuts
